 Dungeon Crawl Stone Soup version 0.18-a0-1195-g77a4f03 (webtiles) character file.

641 Duffy the Carver (level 7, -2/52 HPs)
             Began as a Formicid Berserker on Jan 29, 2016.
             Was a Priest of Trog.
             Slain by an orc wizard
             ... wielding a +0 dagger
              (3 damage)
             ... on level 4 of the Dungeon.
             The game lasted 00:04:01 (4830 turns).

Duffy the Carver (Formicid Berserker)               Turns: 4830, Time: 00:04:01

Health: -2/52      AC:  7    Str: 27    XL:     7   Next: 81%
Magic:  7/7        EV: 11    Int:  6    God:    Trog [***...]
Gold:   154        SH:  0    Dex: 12    Spells: 0 memorised, 6 levels left

rFire  . . .     SeeInvis +     a - +0 falchion
rCold  . . .     Gourm    +     d - +0 ring mail
rNeg   . . .     Faith    .     (no shield)
rPois  .         Spirit   .     (helmet unavailable)
rElec  .         Dismiss  .     (no cloak)
rCorr  .         Reflect  .     u - +0 pair of gloves
SustAt .         Harm     .     e - +0 pair of boots
MR     ++...                    z - amulet of the gourmand (curse)
Stlth  +.........               (no ring)
                                (no ring)

@: mighty, lethally poisoned (-2 -> -2), regenerating, very resistant to hostile
enchantments, very unstealthy
A: permanent stasis, dig shafts and tunnels, four strong arms, antennae 3
a: Dig, Shaft Self, Trog's Hand, Burn Spellbooks, Renounce Religion


You were on level 4 of the Dungeon.
You worshipped Trog.
Trog was most pleased with you.
You were not hungry.

You visited 1 branch of the dungeon, and saw 4 of its levels.

You collected 154 gold pieces.


Innate Abilities, Weirdness & Mutations

You are under a permanent stasis effect.
You can dig through walls and to a lower floor.
Your four strong arms can wield two-handed weapons with a shield.
You have a pair of large antennae on your head (SInv).


   Skills:
 - Level 3.4 Fighting
 + Level 8.4 Long Blades
 - Level 2.4 Armour
 - Level 1.8 Dodging


You had 6 spell levels left.
You didn't know any spells.

Inventory:

Hand Weapons
 a - a +0 falchion (weapon)
Missiles
 g - 2 tomahawks (quivered)
 x - 7 needles of paralysis
Armour
 d - a +0 ring mail (worn)
 e - a +0 pair of boots (worn)
 u - a +0 pair of gloves (worn)
Jewellery
 z - a cursed amulet of the gourmand (around neck)
Wands
 m - a wand of confusion (15/48)
 q - a wand of lightning (6/15)
 s - a wand of flame (18/48)
Scrolls
 b - 4 scrolls of identify {unknown}
 f - 3 scrolls of remove curse {unknown}
 h - a scroll of teleportation {unknown}
 j - a scroll of enchant weapon {unknown}
 l - a scroll of recharging {unknown}
 o - a scroll of immolation {unknown}
 t - 2 scrolls of magic mapping {unknown}
 y - a scroll of noise {unknown}
Potions
 i - a potion of might
 k - 2 potions of poison
Books
 A - a book of Transfigurations
Comestibles
 c - 5 bread rations
 r - 3 fruits

Dungeon Overview and Level Annotations

Branches:
Dungeon (4/15)
 Temple: D:4-7

Altars:
Dithmenos
Gozag
Sif Muna
Vehumet
Zin


Message History

Drink which item? (? for menu, Esc to quit)
It was a potion of curing.
You feel better. The orc barely misses you. The orc hits you.
Drink which item? (? for menu, Esc to quit)
It was a potion of poison.
That liquid tasted very nasty...
You are poisoned.
You feel sick. The orc wizard barely misses you.
The orc warrior hits you with a battleaxe!!
The orc hits you.
Drink which item? (? for menu, Esc to quit)
It was a potion of might.
You feel very mighty all of a sudden.
You feel sick. The orc barely misses you.
The orc wizard hits you but does no damage.
The orc warrior closely misses you. The orc closely misses you.
The orc hits you.
Your skin crawls.
You feel resistant to hostile enchantments.
You feel slightly more hungry.
You feel sick. The orc wizard hits you with a dagger.
The orc closely misses you. The orc warrior barely misses you.
The orc hits you but does no damage. x2
Drink which item? (? for menu, Esc to quit)
Why would you want to do that?
Drink which item? (? for menu, Esc to quit)
Why would you want to do that?
Read which item? (? for menu, Esc to quit)
Okay, then.
You feel sick.
The orc wizard hits you but does no damage.
The orc closely misses you. The orc hits you.
The orc warrior hits you with a battleaxe!
The orc barely misses you. The orc wizard closely misses you.
The orc closely misses you. The orc hits you.
You feel sick. The orc wizard hits you with a dagger.
You die...

#$$$....#
#$_$....#
#$$$....#
#.......#
####......#
..........####
......ooo....#
#..o@o....#
.###......#...#
.....##.### #
... ###.....###
... ##.##...##
# .... #
#.#..### .....
#.##...# #.....
#......# ......
.. #..#####


You could see an orc warrior, an orc wizard (invisible) and 3 orcs.

Action                   |  1- 3 |  4- 6 |  7- 9 || total
-------------------------+-------+-------+-------++-------
Melee: Falchion          |    80 |   167 |   107 ||   354
Invok: Trog's Hand       |       |       |     1 ||     1
  Use: Potion            |       |       |     5 ||     5
  Eat: Chunk             |     1 |     7 |     6 ||    14

Notes
Turn   | Place    | Note
--------------------------------------------------------------
     0 | D:1      | Duffy the Formicid Berserker began the quest for the Orb.
     0 | D:1      | Reached XP level 1. HP: 18/18 MP: 1/1
   191 | D:1      | Reached XP level 2. HP: 18/24 MP: 2/2
   524 | D:1      | Reached XP level 3. HP: 29/29 MP: 3/3
  1055 | D:1      | Reached ** piety under Trog
  1055 | D:1      | Reached skill level 4 in Long Blades
  1247 | D:2      | Reached XP level 4. HP: 12/35 MP: 4/4
  2051 | D:2      | Reached skill level 5 in Long Blades
  2051 | D:2      | Reached XP level 5. HP: 39/41 MP: 5/5
  2134 | D:2      | Noticed Natasha
  2152 | D:2      | Killed Natasha
  2390 | D:2      | Found a shadowy altar of Dithmenos.
  2390 | D:2      | Noticed Sigmund
  2401 | D:2      | Killed Sigmund
  2401 | D:2      | Reached skill level 6 in Long Blades
  2401 | D:2      | Reached XP level 6. HP: 43/47 MP: 6/6
  2448 | D:2      | Noticed Robin
  2486 | D:2      | Killed Robin
  2488 | D:2      | Reached *** piety under Trog
  2839 | D:2      | Reached skill level 7 in Long Blades
  3032 | D:2      | Noticed Natasha
  3041 | D:2      | Killed Natasha
  3236 | D:3      | Found a radiant altar of Vehumet.
  3245 | D:3      | Reached XP level 7. HP: 25/52 MP: 7/7
  3605 | D:3      | Found a glowing silver altar of Zin.
  3975 | D:4      | Received a gift from Trog
  4021 | D:4      | Found a deep blue altar of Sif Muna.
  4278 | D:4      | Reached skill level 8 in Long Blades
  4820 | D:4      | Found an opulent altar of Gozag.
  4830 | D:4      | Slain by an orc wizard

Vault maps used:
D:1:      dpeg_arrival_erosion
D:2:      nicolae_dithmenos_through_a_glass_darkly, first_bread, uniq_robin,
          uniq_natasha, uniq_sigmund
D:3:      lemuel_coloured_pillars_altar, vehumet_altar_wand_db
D:4:      marbit_many_paths, nicolae_gozag_seed_capital,
          kennysheep_vampire_church, lemuel_temple_firewalk

Vanquished Creatures
  Sigmund
  An ogre
  A hound
  A giant frog skeleton
  An orc wizard
  2 worker ants
  Natasha (twice)
  An iguana
  A hound skeleton Robin
  4 gnolls
  4 adders
  An ooze
  An adder skeleton
  A worm
  7 giant geckos
  3 orcs
  2 ball pythons
  9 bats
  4 giant cockroaches
  12 goblins
  11 hobgoblins
  2 quokkas
  6 giant newts
  13 kobolds
  7 rats
99 creatures vanquished.
